Unix NetHack Version 5.0.0-0 post-release - last build Jun 10 2026 00:39:30 (3ee93aec679c4c4259841fe613dc97188e26a321,branch:main).

Game began 2026-06-19 12:48:35, ended 2026-06-19 13:00:59.

GdeVolpiano, neutral female human Archeologist

 -------                           ------------
 |...{.|                           |.......<..|              -----------
 |.....|       ---------------     |..........|              |.?!%].%(?|
 |.....|       |.............-#####...........|              |.)%!!!!*/|
 |.....|       |.............|     ---.--------              |//.%!%"%*|
 |>....|       |.............-##0     #                     #%..%=.)%?[|
 ---.---      #..............|  ###   ###                ####|....?[)?.|
    ##        #|.............|    ###0  #           ######   |.?)=[!+)/|
     #     ####---------------       #########    ###        -----------
     #     #                            # ---.-   #
   --.--   #                            ##.>..|   #
   |....##################################|.@.|   #
   |...| ##                               |..h-####
   |....                                  |...|
   -----                                  -----

GdeVolpiano the Digger     St:13 Dx:9 Co:12 In:16 Wi:18 Ch:8  Neutral
Dlvl:2  $:56 HP:0(20) Pw:4(4) AC:7  Xp:2 T:1076 

Latest messages:
 Indy eats a dwarf corpse.
 You see here 4 daggers.
 You find an anti-magic field.
 Really step onto that anti-magic field? [yn] (n)
 You see here 4 daggers.
 You see here a food ration.
 Indy bites the dwarf.
 The dwarf swings his broad pick at Indy.
 The dwarf hits Indy.
 Indy is killed!
 You learn more about your items by comparing them.
 d - an uncursed food ration (5 in total).
 The dwarf escapes upstairs!
 B - a pair of hard shoes.
 C - a hooded cloak.
 D - a violet gem.
 What do you want to use or apply? [agh or ?*]
 What do you want to rub on the stone? [$D or ?*]
 D - an amethyst stone.
 What do you want to wear? [BC or ?*]
 You are now wearing a hooded cloak.
 What do you want to wear? [B or ?*]
 You finish your dressing maneuver.
 You climb up the stairs.
 You don't have anything to zap.
 What do you want to use or apply? [agh or ?*]
 Never mind.
 What do you want to wield? [- aqz or ?*]
 a - a +2 bullwhip (weapon in right hand).
 What do you want to use or apply? [agh or ?*]
 In what direction?
 Snap!
 What do you want to use or apply? [agh or ?*]
 In what direction?
 Snap!
 What do you want to use or apply? [agh or ?*]
 In what direction?
 You wrap your bullwhip around the dwarf's broad pick.
 You yank the broad pick from the dwarf's hands!
 There is nothing here to pick up.
 The dwarf wields a broad short sword!
 The dwarf picks up a broad pick.
 The dwarf wields a broad pick!
 You miss the dwarf.
 You miss the dwarf.
 You lash the dwarf.
 The dwarf swings his broad pick.
 The dwarf hits!
 You die...
 Do you want your possessions identified? [ynq] (y)

Inventory:
 Coins    ('$')
  $ - 56 gold pieces
 Weapons  (')')
  q - a blessed +0 dagger
  a - a +2 bullwhip (weapon in right hand)
  z - a +0 war hammer
 Armor    ('[')
  c - an uncursed +0 fedora (being worn)
  B - an uncursed +0 pair of iron shoes (being worn)
  C - an uncursed +0 dwarvish cloak (being worn)
  b - an uncursed +0 leather jacket (being worn)
 Comestibles  ('%')
  d - 5 uncursed food rations
  s - an uncursed lembas wafer
 Scrolls  ('?')
  l - a blessed scroll of stinking cloud
  A - an uncursed scroll of stinking cloud
 Potions  ('!')
  n - an uncursed potion of invisibility
 Tools    ('(')
  h - an uncursed sack containing 1 item
 Gems/Stones  ('*')
  D - an uncursed amethyst stone
  g - an uncursed touchstone

Contents of the sack:
  a +0 pick-axe

GdeVolpiano the Archeologist's attributes:

Background:
 You were a Digger, a level 2 female human Archeologist.
 You were neutral, on a mission for Camaxtli
 who was opposed by Quetzalcoatl (lawful) and Huhetotl (chaotic).
 You were right-handed.
 You were in the Dungeons of Doom, on level 2.
 You entered the dungeon 1076 turns ago.
 You had 30 experience points, 10 more were needed to attain level 3.

Basics:
 You had 0 out of 20 hit points.
 You had all 4 energy points (spell power).
 Your armor class was 7.
 Your wallet contained 56 zorkmids.
 Autopickup was on for '$?!/="+' plus thrown, with exceptions.

Final Characteristics:
 Your strength was 13 (limit:18/100).
 Your dexterity was 9 (limit:18).
 Your constitution was 12 (limit:18).
 Your intelligence was 16 (limit:18).
 Your wisdom was 18 (limit:18).
 Your charisma was 8 (limit:18).

Final Status:
 You weren't hungry.
 You were unencumbered.
 You were wielding a whip.
 You had basic skill with whip.

Final Attributes:
 You were devoutly aligned.
 Your items were somewhat protected from fire.
 Your items were somewhat protected from cold.
 You had automatic searching.
 You were warded.
 You were lucky.
 You are dead.

Miscellaneous:
 You didn't encounter any bones levels.
 Total elapsed playing time was 12 minutes and 23 seconds.

Major events:
 Turn
    1: GdeVolpiano the neutral female human Archeologist entered the dungeon
  673: entered the Gnomish Mines
 1076: killed by a dwarf

You didn't know any spells.

Skills:
 Fighting Skills
   bare handed combat [Unskilled]
   two weapon combat  [Unskilled]
   riding             [Unskilled]
 Weapon Skills
   dagger             [Unskilled]
   knife              [Unskilled]
   pick-axe           [Basic]
   short sword        [Unskilled]
   saber              [Unskilled]
   club               [Unskilled]
   quarterstaff       [Unskilled]
   sling              [Unskilled]
   dart               [Unskilled]
   boomerang          [Unskilled]
   whip               [Basic]
   unicorn horn       [Unskilled]
 Spellcasting Skills
   attack spells      [Unskilled]
   healing spells     [Unskilled]
   divination spells  [Unskilled]
   matter spells      [Unskilled]

Voluntary challenges:
 Character rerolling was not enabled.
 You never genocided any monsters.
 You never polymorphed an object.
 You never changed form.
 You used no wishes.
Achievements:
 You entered the Gnomish Mines.
 You entered a shop.

 The Dungeons of Doom: levels 1 to 3
    Level 1:
       Some altars, a fountain.
    Level 2: <- You were here.
       A general store, a sink.
       Stairs down to The Gnomish Mines.
       Final resting place for
          you, killed by a dwarf.
    Level 3:
       A fountain.
 The Gnomish Mines:
    Level 3:


Vanquished creatures:
  a little dog
  a dwarf
  a giant rat
  5 gnomes
  a jackal
  2 kobolds
  a grid bug
  3 kobold zombies
  6 newts
21 creatures vanquished.

No species were genocided or became extinct.

Game over:
                       ----------
                      /          \
                     /    REST    \
                    /      IN      \
                   /     PEACE      \
                  /                  \
                  |   GdeVolpiano    |
                  |      56 Au       |
                  |   killed by a    |
                  |      dwarf       |
                  |                  |
                  |                  |
                  |       2026       |
                 *|     *  *  *      | *
        _________)/\\_//(\/(/\)/\//\/|_)_______

Goodbye GdeVolpiano the Archeologist...

You died in The Dungeons of Doom on dungeon level 2 with 281 points,
and 56 pieces of gold, after 1076 moves.
You were level 2 with a maximum of 20 hit points when you died.

